A+ - U26
SALEM RED SOX @ TAMPA TARPONS
08/29/2052
 
TOP OF THE 1ST
Hudson Valley Renegades batting - Pitching for Frederick Keys : RHP Sherm Ramírez
Pitching: RHP Sherm Ramírez
Batting: LHB Birt Capraro 0-0: Ball
1-0: Ball
2-0: Ball
3-0: Called Strike
3-1: Foul Ball, location: 2F
3-2: Base on Balls
Batting: RHB Pablo García 0-0: Ball
1-0: Foul Ball, location: 2F
1-1: Ball
2-1: Foul Ball, location: 2F
2-2: Ball
3-2: DOUBLE (Flyball, 7LD, EV 100.0 MPH)
Birt Capraro to third
Birt Capraro scores
Batting: RHB Amir Harris 0-0: Ball
1-0: Swinging Strike
1-1: Ball
2-1: Foul Ball, location: 2F
2-2: 2-RUN HOME RUN (Flyball, 7LD, EV 93.8 MPH), Distance : 343 ft
Batting: RHB Bryan Butler 0-0: Ball
1-0: Ball
2-0: Ball
3-0: Base on Balls
Batting: RHB Warren Kujawa 0-0: Ball
1-0: Foul Ball, location: 2F
1-1: Ball
2-1: Ball
3-1: Called Strike
3-2: Foul Ball, location: 2F
3-2: Fly out, F9 (Flyball, 9LS, EV 86.2 MPH)
Batting: RHB Montes De Leon 0-0: Ball
1-0: Swinging Strike
1-1: Swinging Strike
1-2: Strikes out looking
Batting: RHB Levi Gilbert 0-0: DOUBLE (Line Drive, 9LM, EV 110.6 MPH)
Bryan Butler to third
Batting: SHB Franco Brummer 0-0: Ball
1-0: Foul Ball, location: 2F
1-1: Ball
2-1: Swinging Strike
2-2: Ball
3-2: Strikes out swinging
Top of the 1st over - 3 runs, 3 hits, 0 errors, 2 left on base; Hudson Valley 3 - Frederick 0
BOTTOM OF THE 1ST
Frederick Keys batting - Pitching for Hudson Valley Renegades : RHP Dan Grant
Pitching: RHP Dan Grant
Batting: RHB Dave Sprinkle 0-0: Swinging Strike
0-1: Fly out, F8 (Line Drive, 8RD, EV 99.4 MPH)
Batting: RHB Josh Reeves 0-0: Fly out, F8 (Flyball, 8LS, EV 90.6 MPH)
Batting: RHB Andrew Mahoney 0-0: Ground out 5-3 (Groundball, 56, EV 82.5 MPH)
Bottom of the 1st over - 0 runs, 0 hits, 0 errors, 0 left on base; Hudson Valley 3 - Frederick 0
TOP OF THE 2ND
Hudson Valley Renegades batting - Pitching for Frederick Keys : RHP Sherm Ramírez
Batting: RHB Pat Morris 0-0: Ball
1-0: Called Strike
1-1: Ball
2-1: Foul Ball, location: 2F
2-2: Ground out 4-3 (Groundball, 34, EV 102.5 MPH)
Batting: LHB Birt Capraro 0-0: Swinging Strike
0-1: Ball
1-1: Ball
2-1: Ball
3-1: Base on Balls
Batting: RHB Pablo García 0-0: Ball
1-0: Ball
2-0: Ball
3-0: Base on Balls
Birt Capraro to second
Batting: RHB Amir Harris 0-0: Ball
1-0: Ball
2-0: Called Strike
2-1: Foul Ball, location: 2F
2-2: Fly out, F8 (Flyball, 8RM, EV 79.4 MPH)
Batting: RHB Bryan Butler 0-0: Called Strike
0-1: Called Strike
0-2: Ball
1-2: Foul Ball, location: 2F
1-2: Strikes out swinging, 2-3 out at first.
Top of the 2nd over - 0 runs, 0 hits, 0 errors, 2 left on base; Hudson Valley 3 - Frederick 0
BOTTOM OF THE 2ND
Frederick Keys batting - Pitching for Hudson Valley Renegades : RHP Dan Grant
Batting: RHB Vinny Cisneros 0-0: Foul Ball, location: 2F
0-1: Ball
1-1: Fly out, F2 (Popup, 23F, EV 77.5 MPH)
Batting: RHB Tim Johns 0-0: Ball
1-0: Ground out 6-3 (Groundball, 56, EV 102.5 MPH)
Batting: RHB Lowell Marquez 0-0: Called Strike
0-1: Ball
1-1: Foul Ball, location: 2F
1-2: Ball
2-2: Strikes out swinging
Bottom of the 2nd over - 0 runs, 0 hits, 0 errors, 0 left on base; Hudson Valley 3 - Frederick 0
TOP OF THE 3RD
Hudson Valley Renegades batting - Pitching for Frederick Keys : RHP Sherm Ramírez
Batting: RHB Warren Kujawa 0-0: Ball
1-0: Ball
2-0: Ball
3-0: Called Strike
3-1: Foul Ball, location: 2F
3-2: Base on Balls
Batting: RHB Montes De Leon 0-0: Ball
1-0: Fly out, F8 (Flyball, 8RD, EV 88.1 MPH)
Batting: RHB Levi Gilbert 0-0: DOUBLE (Line Drive, 78M, EV 93.8 MPH)
Warren Kujawa to third
Runner from 3rd tries for Home, SAFE, no throw by LF
Batting: SHB Franco Brummer 0-0: Ball
1-0: Foul Ball, location: 2F
1-1: Ball
2-1: DOUBLE (Line Drive, 9LM, EV 99.4 MPH)
Levi Gilbert scores
Pitching: RHP Gregg Davey
Batting: RHB Pat Morris 0-0: Foul Ball, location: 2F
0-1: Foul Ball, location: 2F
0-2: Ball
1-2: Foul Ball, location: 2F
1-2: Strikes out swinging
Batting: LHB Birt Capraro 0-0: Fly out, F7 (Flyball, 7S, EV 79.4 MPH)
Top of the 3rd over - 2 runs, 2 hits, 0 errors, 1 left on base; Hudson Valley 5 - Frederick 0
BOTTOM OF THE 3RD
Frederick Keys batting - Pitching for Hudson Valley Renegades : RHP Dan Grant
Batting: RHB Porfirio Rodriguez 0-0: Ball
1-0: Ball
2-0: Called Strike
2-1: Ball
3-1: Foul Ball, location: 2F
3-2: Foul Ball, location: 2F
3-2: SINGLE (Flyball, 4D, EV 86.2 MPH)
Batting: SHB Colby Richardson 0-0: Called Strike
0-1: Swinging Strike
0-2: Strikes out swinging
Batting: SHB Joe Jones 0-0: Called Strike
0-1: Ball
1-1: Grounds into double play, 4-6-3 (Groundball, 4, EV 76.2 MPH)
Bottom of the 3rd over - 0 runs, 1 hit, 0 errors, 0 left on base; Hudson Valley 5 - Frederick 0
TOP OF THE 4TH
Hudson Valley Renegades batting - Pitching for Frederick Keys : RHP Gregg Davey
Batting: RHB Pablo García 0-0: Ball
1-0: Foul Ball, location: 2F
1-1: Foul Ball, location: 2F
1-2: Ball
2-2: Ball
3-2: SINGLE (Line Drive, 4MD, EV 93.8 MPH)
Batting: RHB Amir Harris 0-0: Ball
1-0: Foul Ball, location: 2F
1-1: Called Strike
1-2: Ball
2-2: Ball
3-2: Foul Ball, location: 2F
3-2: Strikes out swinging
Pablo García steals 2nd base
Batter strikes out.
Batting: RHB Bryan Butler 0-0: Ball
1-0: Ball
2-0: Swinging Strike
2-1: Foul Ball, location: 2F
2-2: Foul Ball, location: 2F
2-2: Foul Ball, location: 2F
2-2: Strikes out swinging
Batting: RHB Warren Kujawa 0-0: Ball
1-0: Called Strike
1-1: Ground out 4-3 (Groundball, 4, EV 90.0 MPH)
Top of the 4th over - 0 runs, 1 hit, 0 errors, 1 left on base; Hudson Valley 5 - Frederick 0
BOTTOM OF THE 4TH
Frederick Keys batting - Pitching for Hudson Valley Renegades : RHP Dan Grant
Batting: RHB Dave Sprinkle 0-0: Ball
1-0: Ball
2-0: Ball
3-0: Called Strike
3-1: Base on Balls
Batting: RHB Josh Reeves 0-0: Fly out, F8 (Flyball, 78D, EV 88.8 MPH)
Batting: RHB Andrew Mahoney 0-0: Ball
1-0: Ball
Dave Sprinkle steals 2nd base
2-0: Called Strike
2-1: Foul Ball, location: 2F
2-2: Ball
3-2: Foul Ball, location: 2F
3-2: Foul Ball, location: 2F
3-2: Hit by Pitch
Batting: RHB Vinny Cisneros 0-0: Ball
1-0: Ball
2-0: Ball
3-0: Called Strike
3-1: Base on Balls
Dave Sprinkle to third
Andrew Mahoney to second
Batting: RHB Tim Johns 0-0: Swinging Strike
0-1: Swinging Strike
0-2: Ball
Wild Pitch!
Dave Sprinkle scores
Andrew Mahoney to third
Vinny Cisneros to second
1-2: Ball
2-2: Strikes out swinging
Batting: RHB Lowell Marquez 0-0: Foul Ball, location: 2F
0-1: Swinging Strike
0-2: Foul Ball, location: 2F
0-2: Ball
1-2: Ball
2-2: Foul Ball, location: 2F
2-2: Strikes out swinging
Bottom of the 4th over - 1 run, 0 hits, 0 errors, 2 left on base; Hudson Valley 5 - Frederick 1
TOP OF THE 5TH
Hudson Valley Renegades batting - Pitching for Frederick Keys : RHP Gregg Davey
Batting: RHB Montes De Leon 0-0: Called Strike
0-1: Swinging Strike
0-2: Foul Ball, location: 2F
0-2: Foul Ball, location: 2F
0-2: Ball
1-2: Strikes out looking
Batting: RHB Levi Gilbert 0-0: Ball
1-0: Called Strike
1-1: Ball
2-1: Foul Ball, location: 2F
2-2: Fly out, F7 (Flyball, 78S, EV 86.9 MPH)
Batting: SHB Franco Brummer 0-0: Ball
1-0: Ball
2-0: Ball
3-0: Called Strike
3-1: Called Strike
3-2: Base on Balls
Batting: RHB Pat Morris 0-0: Ball
1-0: Ball
2-0: Called Strike
2-1: Ball
Franco Brummer is caught stealing 2nd base 2-4
Top of the 5th over - 0 runs, 0 hits, 0 errors, 0 left on base; Hudson Valley 5 - Frederick 1
BOTTOM OF THE 5TH
Frederick Keys batting - Pitching for Hudson Valley Renegades : RHP Dan Grant
Batting: RHB Porfirio Rodriguez 0-0: Called Strike
0-1: Ball
1-1: Swinging Strike
1-2: Ball
2-2: Ball
3-2: SINGLE (Line Drive, 6D, EV 96.9 MPH)
Batting: SHB Colby Richardson 0-0: Called Strike
0-1: Foul Ball, location: 2F
0-2: Strikes out swinging
Batting: SHB Joe Jones 0-0: Fly out, F8 (Flyball, 8LD, EV 86.2 MPH)
Batting: RHB Dave Sprinkle 0-0: Called Strike
0-1: Ball
1-1: Called Strike
1-2: Foul Ball, location: 2F
1-2: Ground out 6-3 (Groundball, 6MD, EV 111.2 MPH)
Bottom of the 5th over - 0 runs, 1 hit, 0 errors, 1 left on base; Hudson Valley 5 - Frederick 1
TOP OF THE 6TH
Hudson Valley Renegades batting - Pitching for Frederick Keys : RHP Gregg Davey
Batting: RHB Pat Morris 0-0: Foul Ball, location: 2F
0-1: Ball
1-1: Ball
2-1: Called Strike
2-2: Strikes out swinging
Batting: LHB Birt Capraro 0-0: Ground out 6-3 (Groundball, 6, EV 85.6 MPH)
Batting: RHB Pablo García 0-0: Ball
1-0: Ball
2-0: Ball
3-0: Called Strike
3-1: Base on Balls
Pitching: RHP Jeremy Martin
Batting: RHB Amir Harris 0-0: Called Strike
0-1: SINGLE (Groundball, 34D, EV 103.1 MPH)
Pablo García to second
Runner from 2nd tries for 3rd, SAFE, throw by RF made to third
Batting: RHB Bryan Butler 0-0: Ball
1-0: Ball
Wild Pitch!
Pablo García scores
Amir Harris to second
2-0: Swinging Strike
2-1: Ball
3-1: Base on Balls
Batting: RHB Warren Kujawa 0-0: Ball
1-0: Called Strike
1-1: Foul Ball, location: 2F
1-2: Fielders Choice at 2nd, 5-4 (Groundball, 56, EV 90.0 MPH)
Top of the 6th over - 1 run, 1 hit, 0 errors, 2 left on base; Hudson Valley 6 - Frederick 1
BOTTOM OF THE 6TH
Frederick Keys batting - Pitching for Hudson Valley Renegades : RHP Dan Grant
Batting: RHB Josh Reeves 0-0: Called Strike
0-1: SINGLE (Groundball, 34D, EV 105.0 MPH)
Batting: RHB Andrew Mahoney 0-0: Ball
1-0: Foul Ball, location: 2F
1-1: DOUBLE (Line Drive, 7LM, EV 110.0 MPH)
Josh Reeves to third
Batting: RHB Vinny Cisneros 0-0: Ball
1-0: Ball
2-0: Called Strike
2-1: Fly out, F9 (Flyball, 9D, EV 106.2 MPH)
Runner from 3rd tags up, SCORES, no throw by RF
Batting: RHB Tim Johns 0-0: SINGLE (Groundball, 15S, EV 71.9 MPH) (infield hit)
Andrew Mahoney to third
Batting: RHB Lowell Marquez 0-0: Fly out, F7 (Flyball, 78D, EV 107.5 MPH)
Runner from 3rd tags up, SCORES, no throw by LF
Batting: RHB Porfirio Rodriguez 0-0: Ball
1-0: Fly out, F9 (Flyball, 9D, EV 92.5 MPH)
Bottom of the 6th over - 2 runs, 3 hits, 0 errors, 1 left on base; Hudson Valley 6 - Frederick 3
TOP OF THE 7TH
Hudson Valley Renegades batting - Pitching for Frederick Keys : RHP Jeremy Martin
Batting: RHB Montes De Leon 0-0: Ball
1-0: Foul Ball, location: 2F
1-1: Foul Ball, location: 2F
1-2: Ball
2-2: Strikes out swinging
Batting: RHB Levi Gilbert 0-0: Called Strike
0-1: Called Strike
0-2: Fly out, F8 (Line Drive, 8RD, EV 94.4 MPH)
Batting: SHB Franco Brummer 0-0: SINGLE (Groundball, 34D, EV 100.0 MPH)
Batting: RHB Pat Morris 0-0: Ball
1-0: Foul Ball, location: 2F
1-1: Swinging Strike
1-2: Ball
2-2: Strikes out looking
Top of the 7th over - 0 runs, 1 hit, 0 errors, 1 left on base; Hudson Valley 6 - Frederick 3
BOTTOM OF THE 7TH
Frederick Keys batting - Pitching for Hudson Valley Renegades : RHP Dan Grant
Batting: SHB Colby Richardson 0-0: Called Strike
0-1: Reached via error on a dropped throw from 1B, E1 (Groundball, 34S, EV 81.2 MPH)
Batting: SHB Joe Jones 0-0: Ball
1-0: Ball
2-0: Ball
3-0: Base on Balls
Colby Richardson to second
Pitching: LHP Phillip Basta
Batting: RHB Dave Sprinkle 0-0: Ball
1-0: SINGLE (Line Drive, 7LS, EV 95.6 MPH)
Colby Richardson to third
Joe Jones to second
Batting: RHB Josh Reeves 0-0: DOUBLE (Flyball, 3D, EV 86.9 MPH)
Colby Richardson scores
Joe Jones scores
Dave Sprinkle to third
Batting: RHB Andrew Mahoney 0-0: Ball
1-0: Ground out 6-3 (Groundball, 56, EV 83.8 MPH)
Dave Sprinkle scores
Batting: RHB Vinny Cisneros 0-0: Intentional Walk
Batting: RHB Tim Johns 0-0: Called Strike
0-1: Ball
1-1: Grounds into double play, 6-4-3 (Groundball, 6D, EV 100.0 MPH)
Bottom of the 7th over - 3 runs, 2 hits, 1 error, 1 left on base; Hudson Valley 6 - Frederick 6
TOP OF THE 8TH
Hudson Valley Renegades batting - Pitching for Frederick Keys : RHP Jeremy Martin
Batting: LHB Birt Capraro 0-0: Ball
1-0: Ball
2-0: Ball
3-0: Called Strike
3-1: Called Strike
3-2: Foul Ball, location: 2F
3-2: Base on Balls
Batting: RHB Pablo García 0-0: Ball
Birt Capraro is caught stealing 2nd base 2-4
1-0: Foul Ball, location: 2F
1-1: Called Strike
1-2: Ball
2-2: Foul Ball, location: 2F
2-2: Foul Ball, location: 2F
2-2: Strikes out swinging
Batting: RHB Amir Harris 0-0: Foul Ball, location: 2F
0-1: Ball
1-1: Called Strike
1-2: Reached on error, E5 (Groundball, 56, EV 81.2 MPH)
Pitching: RHP Connor Kiner
Batting: RHB Bryan Butler 0-0: Ball
Wild Pitch!
Amir Harris to third
1-0: 2-RUN HOME RUN (Flyball, 78XD, EV 108.8 MPH), Distance : 405 ft
Batting: RHB Warren Kujawa 0-0: Called Strike
0-1: Ball
1-1: Ball
2-1: Foul Ball, location: 2F
2-2: Strikes out swinging
Top of the 8th over - 2 runs, 1 hit, 1 error, 0 left on base; Hudson Valley 8 - Frederick 6
BOTTOM OF THE 8TH
Frederick Keys batting - Pitching for Hudson Valley Renegades : LHP Phillip Basta
Batting: RHB Lowell Marquez 0-0: Called Strike
0-1: Called Strike
0-2: Strikes out swinging
Batting: RHB Porfirio Rodriguez 0-0: Ball
1-0: Ball
2-0: Called Strike
2-1: Ball
3-1: Foul Ball, location: 2F
3-2: Base on Balls
Batting: SHB Colby Richardson 0-0: Called Strike
0-1: Foul Ball, location: 2F
0-2: Foul Ball, location: 2F
0-2: Ball
1-2: Strikes out swinging
Pinch Hitting: RHB Santiago Luis 0-0: Ball
1-0: Ground out 1-3 (Groundball, 13S, EV 68.1 MPH)
Bottom of the 8th over - 0 runs, 0 hits, 0 errors, 1 left on base; Hudson Valley 8 - Frederick 6
TOP OF THE 9TH
Hudson Valley Renegades batting - Pitching for Frederick Keys : RHP Connor Kiner
Now at 2B: Barney Swanson
Batting: RHB Montes De Leon 0-0: Ground out 4-3 (Groundball, 4, EV 96.9 MPH)
Batting: RHB Levi Gilbert 0-0: Foul Ball, location: 2F
0-1: Ball
1-1: Ball
2-1: Called Strike
2-2: Strikes out looking
Batting: SHB Franco Brummer 0-0: Called Strike
0-1: Ball
1-1: SINGLE (Groundball, 4S, EV 68.8 MPH) (infield hit)
Batting: RHB Pat Morris 0-0: Ball
1-0: Called Strike
1-1: Foul Ball, location: 2F
1-2: Fly out, F6 (Popup, 6D, EV 68.1 MPH)
Top of the 9th over - 0 runs, 1 hit, 0 errors, 1 left on base; Hudson Valley 8 - Frederick 6
BOTTOM OF THE 9TH
Frederick Keys batting - Pitching for Hudson Valley Renegades : LHP Phillip Basta
Pitching: LHP Ben Terry
Batting: RHB Dave Sprinkle 0-0: Ball
1-0: Swinging Strike
1-1: Fly out, F7 (Flyball, 78D, EV 71.9 MPH)
Batting: RHB Josh Reeves 0-0: Swinging Strike
0-1: Ball
1-1: Foul Ball, location: 2F
1-2: Fly out, F7 (Flyball, 78M, EV 94.4 MPH)
Batting: RHB Andrew Mahoney 0-0: Ground out 6-3 (Groundball, 6, EV 93.1 MPH)
Bottom of the 9th over - 0 runs, 0 hits, 0 errors, 0 left on base; Hudson Valley 8 - Frederick 6
Sunday, May 5th , 2024 - OOTP Baseball 24.11 Build 85